 Dungeon Crawl Stone Soup version 0.31.0-12-g77e489cdc1 (webtiles) character file.

Game seed: 9358224494481840412

36441 Gadfly the Covert (level 13, -4/67 HPs)
             Began as a Spriggan Enchanter on Feb 15, 2024.
             Was an Initiate of Gozag.
             Slain by a +1 war axe of chaos (11 damage)
             ... on level 11 of the Dungeon.
             The game lasted 01:02:24 (24081 turns).

Gadfly the Covert (Spriggan Enchanter)             Turns: 24081, Time: 01:02:24

Health: -4/67      AC:  7    Str:  4    XL:     13   Next: 53%
Magic:  0/29       EV: 31    Int: 17    God:    Gozag
Gold:   3234       SH:  0    Dex: 26    Spells: 0/34 levels left

rFire   x . .        a - +3 rapier (protect)
rCold   + + +        U - orb {guile}
rNeg    . . .        x - +0 robe {rC+}
rPois   .            (helmet restricted)
rElec   .            C - +0 cloak
rCorr   .            (gloves unavailable)
SInv    +            (boots unavailable)
Will    +....        O - amulet "Qieroh" {Spirit rF- rC++ Will+}
Stlth   ++++++       N - +6 ring of dexterity
HPRegen 0.31/turn    m - +4 ring of protection
MPRegen 0.21/turn

%: guardian spirit
@: slowed, quick
A: very small, no large weapons, unfitting armour, see invisible, speed 3
a: Renounce Religion, Potion Petition, Call Merchant, Bribe Branch


You were on level 11 of the Dungeon.
You worshipped Gozag.
Gozag was most pleased with you.
You visited 3 branches of the dungeon, and saw 17 of its levels.
You also visited: Sewer, Bailey, Gauntlet and Ice Cave.

You collected 4067 gold pieces.
You spent 720 gold pieces at shops.
You paid 113 gold pieces to Gozag.

Inventory:

Hand Weapons
 a - a +3 rapier of protection (weapon)
 b - a +1 dagger of venom
 w - a +4 dagger
 T - a +2 short sword of holy wrath
Missiles
 H - 8 throwing nets
Armour
 p - a +2 robe
 x - a +0 robe of cold resistance (worn)
 C - a +0 cloak (worn)
 U - an orb of guile (worn)
Jewellery
 e - a +6 ring of intelligence
 g - a +6 ring of intelligence
 h - a ring of protection from fire
 m - a +4 ring of protection (right hand)
 u - the ring "Laeciuwn" {rElec rPois rN+ Will+}
   (You found it on level 10 of the Dungeon)

   [ring of poison resistance]

   rElec:     It insulates you from electricity.
   rPois:     It protects you from poison rN+: It protects you from negative
   energy.
   Will+:     It increases your willpower.
 F - a ring of protection from cold
 N - a +6 ring of dexterity (left hand)
 O - the amulet "Qieroh" (around neck) {Spirit rF- rC++ Will+}
   (You found it in a Gauntlet)

   [amulet of guardian spirit]

   Spirit:    It causes incoming damage to be divided between your reserves of
   health and magic.
   rF-:       It makes you vulnerable to fire.
   rC++:      It greatly protects you from cold.
   Will+:     It increases your willpower.
 P - the ring "Hafaitik" {rPois rC+ rN+}
   (You found it in a Gauntlet)

   [ring of protection from cold]

   rC+:       It protects you from cold.
   rPois:     It protects you from poison rN+: It protects you from negative
   energy.
Wands
 A - a wand of mindburst (5)
 B - a wand of flame (10)
 D - a wand of digging (3)
 E - a wand of paralysis (8)
 I - a wand of polymorph (2)
 Q - a wand of roots (8)
 S - a wand of acid (5)
Scrolls
 d - 2 scrolls of fear
 k - 14 scrolls of teleportation
 o - 2 scrolls of torment
 q - 5 scrolls of fog
 s - 4 scrolls of immolation
 y - 9 scrolls of identify
 G - 3 scrolls of enchant armour
 J - a scroll of enchant weapon
 K - a scroll of silence
 M - a scroll of butterflies
 R - 3 scrolls of vulnerability
Potions
 c - 4 potions of invisibility
 f - 2 potions of curing
 i - 2 potions of brilliance
 j - 4 potions of enlightenment
 l - 4 potions of might
 n - 2 potions of mutation
 r - 2 potions of magic
 t - a potion of haste
 v - 3 potions of heal wounds
 L - 2 potions of attraction
 V - a potion of lignification
Miscellaneous
 z - a lightning rod (4/4)


   Skills:
 + Level 7.5 Fighting
 + Level 10.1 Short Blades
 + Level 12.0 Dodging
 + Level 14.3 Stealth
 + Level 11.0 Spellcasting
 + Level 11.2 Hexes
 + Level 11.9 Evocations


You couldn't memorise any spells.
You knew the following spells:

 Your Spells              Type           Power      Damage    Failure   Level
a - Ensorcelled Hibernat  Hex/Ice        56%        N/A       1%          2
b - Confusing Touch       Hex            47%        N/A       1%          3
c - Tukima's Dance        Hex            47%        N/A       1%          3
d - Dazzling Flash        Conj/Hex       56%        N/A       2%          3
e - Jinxbite              Hex            94%        N/A       1%          2
f - Slow                  Hex            100%       N/A       1%          1
g - Summon Mana Viper     Hex/Summ       28%        N/A       22%         5
h - Enfeeble              Hex            23%        N/A       54%         7
i - Discord               Hex            23%        N/A       99%         8

Your spell library contained the following spells:

 Spells                   Type           Power      Damage    Failure   Level
 Sigil of Binding         Hex            47%        N/A       1%          3
 Inner Flame              Hex/Fire       28%        N/A       2%          3
 Summon Small Mammal      Summ           36%        N/A       8%          1
 Dimensional Bullseye     Hex/Tloc       14%        N/A       8%          4
 Call Imp                 Summ           18%        N/A       12%         2
 Cigotuvi's Dreadful Rot  Necr/Alch/Air  18%        N/A       12%         2
 Sublimation of Blood     Necr           9%         N/A       12%         2
 Call Canine Familiar     Summ           9%         N/A       22%         3
 Fugue of the Fallen      Necr           9%         N/A       22%         3
 Ozocubu's Armour         Ice            9%         N/A       22%         3
 Metabolic Englaciation   Hex/Ice        14%        N/A       22%         5
 Flame Wave               Conj/Fire      9%         2d6       58%         4
 Manifold Assault         Tloc           9%         N/A       58%         4
 Olgreb's Toxic Radiance  Alch           9%         N/A       58%         4
 Petrify                  Alch/Erth      9%         N/A       58%         4
 Sticky Flame             Fire/Alch      9%         2d5       58%         4
 Irradiate                Conj/Alch      4%         3d13      91%         5
 Summon Cactus Giant      Summ           4%         N/A       100%        6
 Ozocubu's Refrigeration  Ice            4%         4d8       100%        7


Dungeon Overview and Level Annotations

Branches:
Dungeon (13/15)            Temple (1/1) D:7            Lair (3/5) D:10
 Shoals (0/4) Lair:2          Orc (0/2) D:12          Sewer (visited)
 Bailey (visited)           IceCv (visited)         Gauntlet (visited)
  Snake: Lair:2-3    Spider: Lair:2-3    Vaults: D:13-14

Altars:
Ashenzari
Cheibriados
Dithmenos
Elyvilon
Fedhas
Gozag
Hepliaklqana
Kikubaaqudgha
Makhleb
Nemelex Xobeh
Okawaru
Qazlal
Ru
Sif Muna
Trog
Uskayaw
Vehumet
Wu Jian
Xom
Yredelemnul
Zin
The Shining One

Shops:
D:3 (   D:7 :   D:10 =


Innate Abilities, Weirdness & Mutations

You are very small and have problems with some larger weapons.
You are too small for most types of armour.
You have supernaturally acute eyesight. (SInv)
You cover ground extremely quickly. (Speed+++)


Message History

You bump into the rock wall.
The +1 war axe of chaos completely misses you.
You bump into the rock wall.
The +1 war axe of chaos hits you.
You feel yourself slow down. The +1 war axe of chaos hits you!
You are poisoned.
You feel very sick. The +1 war axe of chaos hits you!! The acid corrodes you!
You hit the +1 war axe of chaos but do no damage.
The +1 war axe of chaos is completely immune to your confusing touch!
Your hands stop glowing.
You feel sick. The +1 war axe of chaos hits you.
You bump into the rock wall.
You feel less confused.
You feel sick.
The +1 war axe of chaos closely misses you. x2
Unknown command.
You feel sick.
The +1 war axe of chaos completely misses you.
You feel sick. The +1 war axe of chaos misses you.
There is a stone staircase leading up here.
You feel sick.
You feel sick.
The +1 war axe of chaos attacks as it pursues you!
The +1 war axe of chaos misses you.
You feel sick.
You are no longer poisoned.
The +1 war axe of chaos attacks as it pursues you!
The +1 war axe of chaos barely misses you.
The +1 war axe of chaos completely misses you.
The +1 war axe of chaos hits you!!
* * * LOW HITPOINT WARNING * * *
You feel your power leaking away.
Okay, then.
Okay, then.
The +1 war axe of chaos barely misses you.
You are no longer corroded.
The +1 war axe of chaos attacks as it pursues you!
The +1 war axe of chaos hits you!
You die...
Your body crumbles into a pile of gold.

...........##....#####.###.......
.................................
...........###########..##.......
...........# ##.##.....>.
........[..# #..####....
........[.## #########..##..###
#....).....# #.............##
#........#.#####(########<####
.......#.#.##...@## #..######
.##...##.#........# ##.)#....
.##...##.####.###.# ##))....
.##...##.# #.# #.# ###....
......##.# ##.# #.# #....
###...#..###..# #.### #....
#...#.###..## #...#### #####
#.....#...## ###....# #....##.###
####.###


You could see a +1 war axe of chaos.

Vanquished Creatures
  A minotaur (Gauntlet)
  The ghost of Silvore the Carver, a journeyman DsFi of Okawaru (D:11)
  A hydra (Lair:3)
  An ogre mage (D:10)
  A boulder beetle (D:12)
  4 two-headed ogres
  A fire crab (Gauntlet)
  2 ugly things
  2 deep elf pyromancers
  An oklob plant (Lair:2)
  Maurice (D:11)
  A manticore (D:11)
  Joseph (Lair:1)
  A merfolk siren (Lair:2)
  A black mamba (Lair:2)
  A gargoyle (D:10)
  2 unseen horrors
  6 cane toads
  3 ice statues (IceCv)
  A freezing wraith (IceCv)
  8 komodo dragons
  2 ice devils (Lair:1)
  2 rime drakes
  6 trolls
  A queen bee (Gauntlet)
  A queen bee (shapeshifter) (D:12)
  A hornet (D:8)
  A tyrant leech (Gauntlet)
  3 polar bears
  3 blink frogs (Lair:1)
  6 dream sheep
  6 slime creatures (D:11)
  A spriggan (Lair:3)
  24 yaks
  A wraith (D:10)
  3 wyverns
  3 fire bats (Gauntlet)
  3 shadows (D:10)
  7 basilisks
  4 steam dragons
  2 death yak simulacra (IceCv)
  Grum (Bailey)
  2 swamp worms (Gauntlet)
  Duvessa (D:6)
  6 water moccasins
  2 hydra simulacra (IceCv)
  A black bear (Lair:3)
  A sky beast (D:6)
  2 ice beasts
  Pargi (Sewer)
  4 orc warriors
  4 centaurs
  2 ogres (D:6)
  A boggart (Lair:3)
  8 wolves
  A kobold brigand (D:8)
  9 bullfrogs
  2 brain worms (Sewer)
  11 gnoll sergeants
  6 scorpions
  4 wights
  Dowan (D:6)
  3 jellies (D:6)
  14 killer bees
  An electric eel (Lair:2)
  6 howler monkeys
  3 bombardier beetles (D:5)
  6 orc priests
  Crazy Yiuf (D:7)
  4 gnoll boudas (Bailey)
  3 hounds
  2 iguanas
  3 sleepcaps
  12 orc wizards
  4 polar bear simulacra (IceCv)
  Terence (D:2)
  15 adders
  39 gnolls
  A shadow imp (D:6)
  2 white imps
  2 ufetubi (D:5)
  4 dart slugs
  A ribbon worm (D:4)
  63 orcs
  12 endoplasms
  7 giant cockroaches
  8 goblins
  10 hobgoblins
  14 jackals
  10 kobolds
  A quokka (D:5)
  11 ball pythons
  2 bats
  12 frilled lizards
  8 rats
476 creatures vanquished.

Vanquished Creatures (others)
  A swamp worm (Gauntlet)
  An orc (D:6)
2 creatures vanquished.

Grand Total: 478 creatures vanquished

Notes
Turn   | Place    | Note
-------+----------+-------------------------------------------
     0 | D:1      | Gadfly the Spriggan Enchanter began the quest for the Orb.
     0 | D:1      | Reached XP level 1. HP: 9/9 MP: 5/5
   134 | D:1      | Reached XP level 2. HP: 7/13 MP: 6/6
   359 | D:1      | You fall into a shaft and drop 1 floor!
   378 | D:2      | Noticed Terence
   505 | D:1      | Learned a level 2 spell: Ensorcelled Hibernation
   814 | D:1      | Reached XP level 3. HP: 17/17 MP: 1/8
  1272 | D:1      | Learned a level 3 spell: Confusing Touch
  1276 | D:1      | Learned a level 3 spell: Tukima's Dance
  1303 | D:2      | Reached skill level 5 in Stealth
  1456 | D:2      | Killed Terence
  1465 | D:2      | Reached XP level 4. HP: 19/21 MP: 1/9
  1938 | D:2      | Found a faded altar of an unknown god.
  1967 | D:2      | Reached skill level 1 in Fighting
  2793 | D:3      | Found Zamap's Weapon Shop.
  3197 | D:3      | Reached XP level 5. HP: 25/25 MP: 11/11
  3202 | D:3      | Learned a level 3 spell: Dazzling Flash
  3475 | D:4      | Found a glowing drain.
  3610 | Sewer    | Entered a sewer
  3714 | Sewer    | Noticed Pargi
  3725 | Sewer    | Reached skill level 6 in Stealth
  3725 | Sewer    | Reached XP level 6. HP: 25/30 MP: 5/13
  3825 | Sewer    | Killed Pargi
  5167 | D:4      | Reached skill level 5 in Dodging
  5167 | D:4      | Reached skill level 5 in Hexes
  5167 | D:4      | Reached XP level 7. HP: 32/35 MP: 9/14
  5608 | D:5      | Entered Level 5 of the Dungeon
  5677 | D:5      | Reached skill level 1 in Evocations
  5745 | D:5      | Reached skill level 7 in Stealth
  5953 | D:5      | Reached skill level 5 in Spellcasting
  6084 | D:5      | Reached XP level 8. HP: 39/39 MP: 16/16
  6220 | D:5      | Found a bloodstained altar of Trog.
  6628 | D:6      | Noticed an unseen horror
  6648 | D:6      | Killed an unseen horror
  6811 | D:6      | Noticed a troll
  6817 | D:6      | Killed a troll
  6818 | D:6      | Reached skill level 8 in Stealth
  6818 | D:6      | Reached skill level 5 in Evocations
  6971 | D:6      | HP: 1/40 [something/ball of steam (9)]
  7182 | D:6      | Reached XP level 9. HP: 44/44 MP: 15/18
  7263 | D:6      | Found a sacrificial altar of Ru.
  7286 | D:6      | Reached skill level 5 in Short Blades
  7314 | D:6      | Found a shimmering altar of Xom.
  7314 | D:6      | Found a stormy altar of Qazlal.
  7372 | D:6      | Noticed Duvessa
  7372 | D:6      | Noticed Dowan
  7578 | D:6      | Killed Duvessa
  7587 | D:6      | Killed Dowan
  8053 | D:6      | Noticed a troll
  8056 | D:6      | Killed a troll
  8057 | D:6      | Reached skill level 9 in Stealth
  8133 | D:6      | Identified a scroll of acquirement
  8133 | D:6      | Acquired a +3 rapier of protection
  8511 | D:7      | Found a basalt altar of Yredelemnul.
  8605 | D:7      | Found a glowing silver altar of Zin.
  8605 | D:7      | Found a glowing golden altar of the Shining One.
  8605 | D:7      | Found a white marble altar of Elyvilon.
  8652 | D:7      | Found a runed translucent door.
  8653 | D:7      | Noticed Crazy Yiuf
  9197 | D:7      | Found Bioloy's Tremendous Tomes.
  9295 | D:7      | Found a staircase to the Ecumenical Temple.
  9448 | Temple   | Entered the Ecumenical Temple
  9454 | Temple   | Became a worshipper of Gozag Ym Sagoz the Greedy
  9616 | D:7      | Found an ornate altar of the Wu Jian Council.
  9616 | D:7      | Found a snail-covered altar of Cheibriados.
  9806 | D:7      | Killed Crazy Yiuf
  9807 | D:7      | Reached XP level 10. HP: 50/50 MP: 21/21
 10556 | D:8      | Noticed a deep elf pyromancer
 10559 | D:8      | Killed a deep elf pyromancer
 10758 | D:9      | Reached skill level 10 in Stealth
 10842 | D:9      | Noticed a two-headed ogre
 10845 | D:9      | Killed a two-headed ogre
 11264 | D:9      | Reached skill level 5 in Fighting
 11655 | D:9      | Found an iron altar of Okawaru.
 11759 | D:10     | Entered Level 10 of the Dungeon
 12117 | D:10     | Found a flagged portal.
 12118 | D:10     | Found Giolar's Jewellery Emporium.
 12145 | Bailey   | Entered a bailey
 12580 | Bailey   | Noticed Grum
 12584 | Bailey   | Reached XP level 11. HP: 55/55 MP: 10/24
 12590 | Bailey   | Killed Grum
 12742 | Bailey   | HP: 1/55 [gnoll sergeant/+0 halberd (13)]
 13446 | D:10     | Reached skill level 11 in Stealth
 13569 | D:10     | Noticed a two-headed ogre
 13577 | D:10     | Killed a two-headed ogre
 14015 | D:10     | Found a staircase to the Lair.
 14069 | D:10     | Noticed a two-headed ogre
 14146 | D:10     | Noticed a deep elf pyromancer
 14158 | D:10     | Killed a two-headed ogre
 14237 | D:10     | Noticed an ogre mage
 14307 | D:10     | Killed an ogre mage
 14380 | D:10     | Killed a deep elf pyromancer
 14944 | D:10     | Identified the ring "Laeciuwn" {rElec rPois rN+ Will+}
 15020 | D:7      | Bought the Collected Works on Guile for 720 gold pieces
 15126 | D:7      | Learned a level 2 spell: Jinxbite
 15128 | D:7      | Learned a level 1 spell: Slow
 15134 | D:7      | Learned a level 5 spell: Summon Mana Viper
 15142 | D:7      | Learned a level 7 spell: Enfeeble
 15271 | D:11     | Noticed Maurice
 15274 | D:11     | Killed Maurice
 15275 | D:11     | Reached skill level 10 in Dodging
 15275 | D:11     | Reached skill level 12 in Stealth
 15395 | D:11     | Found a stormy altar of Qazlal.
 15399 | D:11     | Reached skill level 10 in Evocations
 15466 | D:11     | Found a gate leading to a gauntlet.
 15495 | Gauntlet | Entered a Gauntlet
 15495 | Gauntlet | Found a transporter.
 15499 | Gauntlet | Noticed a fire crab
 15511 | Gauntlet | Noticed a death scarab
 15514 | Gauntlet | Found a transporter.
 15529 | Gauntlet | Found a transporter.
 15534 | Gauntlet | Found a transporter.
 15536 | Gauntlet | Noticed a green death
 15549 | Gauntlet | Found a transporter.
 15568 | Gauntlet | Found a transporter.
 15579 | Gauntlet | Noticed a dire elephant
 15580 | Gauntlet | Found a transporter.
 15588 | Gauntlet | Noticed a death yak
 15590 | Gauntlet | Noticed a death yak
 15591 | Gauntlet | Noticed a death yak
 15591 | Gauntlet | Noticed a death yak
 15592 | Gauntlet | Found a transporter.
 15594 | Gauntlet | Noticed a necromancer
 15598 | Gauntlet | Found a transporter.
 15598 | Gauntlet | Found a transporter.
 15613 | Gauntlet | Found a transporter.
 15625 | Gauntlet | Found a transporter.
 15625 | Gauntlet | Noticed a thrashing horror
 15639 | Gauntlet | Noticed a thrashing horror
 15642 | Gauntlet | Found a transporter.
 15664 | Gauntlet | Found a transporter.
 15700 | Gauntlet | Found a transporter.
 15758 | Gauntlet | Found a transporter.
 15778 | Gauntlet | Found a transporter.
 15803 | Gauntlet | Found a transporter.
 16118 | Gauntlet | Killed a fire crab
 16119 | Gauntlet | Reached XP level 12. HP: 13/61 MP: 18/26
 16416 | Gauntlet | Identified the amulet "Qieroh" {Spirit rF- rC++ Will+}
 16522 | Gauntlet | Identified the ring "Hafaitik" {rPois rC+ rN+}
 16558 | Gauntlet | Noticed a minotaur
 16575 | Gauntlet | Killed a minotaur
 17459 | D:11     | Found a runed translucent door.
 17460 | D:11     | Found a shimmering altar of Xom.
 17460 | D:11     | Noticed Silvore's ghost (journeyman DsFi)
 17860 | D:12     | Noticed a boulder beetle
 17866 | D:12     | Killed a boulder beetle
 17867 | D:12     | Reached skill level 10 in Hexes
 18146 | D:12     | Found a staircase to the Orcish Mines.
 18670 | D:13     | Noticed a centaur warrior
 18670 | D:13     | Noticed a two-headed ogre
 18670 | D:13     | Noticed a centaur warrior
 18674 | D:13     | Killed a two-headed ogre
 18675 | D:13     | Reached skill level 13 in Stealth
 19031 | Lair:1   | Entered Level 1 of the Lair of Beasts
 19062 | Lair:1   | Reached skill level 10 in Spellcasting
 19775 | Lair:1   | Found a frozen archway.
 19810 | IceCv    | Entered an ice cave
 19889 | IceCv    | Identified the +6 chain mail of Wu Jian's Generosity {rElec
                  | Will+ Str-3}
 20669 | IceCv    | Reached XP level 13. HP: 57/67 MP: 22/28
 20674 | IceCv    | Found the +8 frozen axe "Frostbite" {freeze, freezing
                  | cloud, *Noise Fly rC+}
 20745 | IceCv    | Got Pyesh's Precepts of the Decaying Congregation
 20825 | Lair:1   | Noticed Joseph
 20850 | Lair:1   | Killed Joseph
 22204 | Lair:2   | Reached skill level 14 in Stealth
 22284 | Lair:2   | Found a staircase to the Shoals.
 23169 | Lair:3   | Reached skill level 10 in Short Blades
 23698 | Lair:2   | Learned a level 8 spell: Discord
 23849 | D:11     | Killed Silvore's ghost
 24081 | D:11     | Slain by a +1 war axe of chaos

Illustrated notes

Levels and vault maps discovered:
D:1:      amcnicky_arrival_feature_with_door, layout_loops_corners,
          serial_forest, infiniplex_forest_diagonal, infiniplex_forest_fountain,
          infiniplex_forest_end_2, infiniplex_forest_lined_room_,
          infiniplex_forest_clump_cross, infiniplex_forest_corner_1,
          infiniplex_forest_clump_tiny, infiniplex_forest_lined_room_2
D:2:      layout_basic, hellmonk_ecumenical_altar_zigzags, serial_curves,
          eino_curves_02, eino_curves_04, eino_curves_04, eino_curves_04,
          minmay_tall_x, uniq_terence
D:3:      layout_loops_corners, serial_shops, nicolae_shop_bloodbath_and_beyond
D:4:      layout_gridville, mainiacjoe_sewer_entry_somewhere_in_here_1,
          minivault_19, kennysheep_generic_room_2
D:5:      layout_rooms, trog_three_pillars_becter
D:6:      layout_gridville, chequers_temple_overflow_statue_of_worship,
          kb_rosetta, uniq_duvessa
D:7:      layout_basic, dreamdust_divine_triumvirate, yredelemnul_altar_generic,
          gammafunk_temple_overflow_elements, minmay_temple_entry_glass,
          nicolae_shop_i_like_big_books, uniq_crazy_yiuf_cottage
D:8:      layout_loops_ring
D:9:      layout_loops_ring, okawaru_altar_gauntlet_db, serial_aquarium,
          aquarium_bridge_square [aquarium_subvault_window,
          aquarium_subvault_wall, aquarium_subvault_wall,
          aquarium_subvault_bridge], aquarium_bridge_island_small
          [aquarium_subvault_small_open, aquarium_subvault_bridge,
          aquarium_subvault_wall, aquarium_subvault_window,
          aquarium_subvault_window], aquarium_window_fake, aquarium_window_1,
          aquarium_window_corner, aquarium_view_2d, aquarium_view_2c,
          fountainhead, hangedman_decor_opposing
D:10:     kennysheep_six_static_rooms, layout_loops_corners,
          grunt_lair_entry_orc_guard_hut, serial_shops,
          nicolae_shop_gaudy_bauble, enter_bailey_2,
          minmay_fractal_squares_gapless_7
D:11:     layout_rooms, gauntlet_entry_generic, ebering_ghost_xom,
          grunt_qazlal_clouds, uniq_maurice
D:12:     layout_long_grid, hiddenorc2_lemuel
D:13:     nzn_winding_woodlands_cross [nzn_winding_woodlands_5x15_longhouse,
          nzn_winding_woodlands_5x15_twine, nzn_winding_woodlands_5x15_pool,
          nzn_winding_woodlands_5x15_split_checker,
          nzn_winding_woodlands_15x15_killbox], layout_rooms, david_vaults_5
Temple:   chequers_temple_sunken
Lair:1:   layout_regular_city, portal_ice_cave_demonic_guard, uniq_joseph
Lair:2:   layout_layer_cave, minmay_shoals_entry_lonely_mermaid,
          grunt_megastairs_1, serial_bayou_shore_a, lemuel_fruit_fields
Lair:3:   kb_forest_paths, layout_misc_corridors,
          nicolae_snake_entry_warm_welcome, lemuel_fruit_tree

Skill      XL: |  1  2  3  4  5  6  7  8  9 10 11 12 13 |
---------------+----------------------------------------+-----
Spellcasting   | 3 4 5 6 8 9 10 11 | 11.0
Dodging        | 3 4 5 6 7 8 10 11 12 | 12.0
Stealth        | 5 6 7 8 9 10 12 13 14 | 14.3
Short Blades   | 2 3 4 5 7 8 9 10 | 10.1
Hexes          | 4 5 6 7 8 9 10 11 | 11.2
Fighting       | 1 2 3 4 5 6 7 |  7.5
Evocations     | 3 5 7 8 10 11 | 11.9

Action                     |  1- 3 |  4- 6 |  7- 9 | 10-12 | 13-15 || total
---------------------------+-------+-------+-------+-------+-------++-------
  Melee: Dagger            |   116 |   215 |   145 |     4 |       ||   480
         Punch             |     1 |     1 |     4 |    15 |       ||    21
         Rapier            |       |       |    87 |   854 |   152 ||  1093
  Throw: Throwing net      |       |       |       |     3 |       ||     3
   Cast: Ensorcelled Hiber |    17 |    50 |    90 |   210 |    40 ||   407
         Confusing Touch   |       |       |     7 |    16 |     6 ||    29
         Slow              |       |       |       |     4 |       ||     4
         Jinxbite          |       |       |       |     2 |       ||     2
         Dazzling Flash    |       |       |       |     1 |     2 ||     3
         Summon Mana Viper |       |       |       |     1 |       ||     1
  Evoke: Wand              |       |       |       |     4 |       ||     4
         Lightning rod     |       |       |       |     1 |       ||     1
    Use: Scroll            |     1 |    10 |     7 |     4 |     1 ||    23
         Potion            |       |     6 |     1 |     4 |     1 ||    12
   Stab: Sleeping          |    15 |    39 |    57 |   137 |    44 ||   292
         Distracted        |     1 |     1 |     1 |     7 |     1 ||    11
         Confused          |       |       |     5 |    19 |     5 ||    29
         Invisible         |       |       |       |     1 |       ||     1
         Held in net/web   |       |       |       |     4 |       ||     4
 Armour: Robe              |    29 |    84 |    96 |   316 |    55 ||   580
  Dodge: Dodged            |    95 |   213 |   218 |   961 |   136 ||  1623
